 Dungeon Crawl Stone Soup version 0.18-a0-373-gaf408bd (webtiles) character file.

275 Duffy the Insei (level 6, -6/38 HPs)
             Began as an Octopode Transmuter on Nov 29, 2015.
             Mangled by a two-headed ogre
             ... wielding a cursed -2 giant club
              (22 damage)
             ... on level 4 of the Dungeon.
             The game lasted 00:01:52 (2710 turns).

Duffy the Insei (Octopode Transmuter)               Turns: 2710, Time: 00:01:52

Health: -6/38      AC:  1    Str: 12    XL:     6   Next: 25%
Magic:  9/9        EV: 12    Int: 16    God:
Gold:   43         SH:  0    Dex: 14    Spells: 1 memorised, 8 levels left

rFire  + . .     SeeInvis .       - Unarmed
rCold  . . .     Clarity  .     (no shield)
rNeg   + . .     SustAt   .     (helmet restricted)
rPois  .         Gourm    .     (no amulet)
rElec  .         Spirit   .     h - +3 ring of strength
rCorr  .         Warding  .     n - ring of protection from fire
rMut   .         Stasis   .     r - ring of positive energy
MR     .....                    (no ring)
Stlth  ++........               (no ring)
                                (no ring)
                                (no ring)
                                (no ring)

@: not resistant to hostile enchantments, unstealthy
A: almost no armour, amphibious, 8 rings, constrict 8, camouflage 1, gelatinous
body 1
a: no special abilities


You were on level 4 of the Dungeon.
You were hungry.

You visited 1 branch of the dungeon, and saw 5 of its levels.

You collected 43 gold pieces.


Innate Abilities, Weirdness & Mutations

You cannot wear most types of armour.
You are amphibious.
You can wear up to eight rings at the same time.
You can use your tentacles to constrict eight enemies at once.
Your skin changes colour to match your surroundings (Stealth).
Your rubbery body absorbs attacks (AC +1).


   Skills:
 - Level 1.0 Fighting
 - Level 2.0 Dodging
 + Level 6.8 Unarmed Combat
 - Level 2.0 Spellcasting
 - Level 2.0 Transmutations


You had 8 spell levels left.
You knew the following spells:

 Your Spells              Type           Power        Failure   Level  Hunger
a - Beastly Appendage     Trmt           #.....       10%         1    #......

Inventory:

Missiles
 a - 12 arrows
 g - 8 javelins of penetration (quivered)
Jewellery
 h - a +3 ring of strength (left tentacle)
 n - a ring of protection from fire (right tentacle)
 r - a ring of positive energy (on tentacle)
Scrolls
 e - a scroll of fog {unknown}
 i - 2 scrolls of identify {unknown}
 j - 2 scrolls of remove curse {unknown}
 p - 2 scrolls of recharging {unknown}
Potions
 d - 2 potions of brilliance {unknown}
 f - a potion of cancellation {unknown}
 l - a potion of invisibility {unknown}
 m - a potion of curing {unknown}
 o - a potion of poison {unknown}
 q - a potion of magic {unknown}
Books
 b - a book of Changes
 k - a book of Flames
Comestibles
 c - 2 bread rations

Dungeon Overview and Level Annotations

Branches:
Dungeon (5/15)
 Temple: D:4-7

Altars:
Elyvilon

Annotations:
D:5 Pikel


Message History

You kill the adder!
No target in view!
No target in view!
You now have 43 gold pieces (gained 11).
d - 2 bubbling emerald potions (gained 1)
q - a fizzy emerald potion You are feeling hungry.
Found a notched bone ring.
p - 2 scrolls labeled EBBAHOLILA (gained 1)
j - 2 scrolls labeled RUSONEOCKU (gained 1)
r - a notched bone ring Put on which piece of jewellery? (? for menu, Esc to quit)
r - a ring of positive energy (on tentacle)
A two-headed ogre comes into view.
It is wielding a giant club and a giant spiked club.
The two-headed ogre shouts in stereo!
You tentacle-slap the two-headed ogre.
The two-headed ogre is lightly wounded.
The two-headed ogre barely misses you. x2
You tentacle-slap the two-headed ogre.
The two-headed ogre is lightly wounded.
You barely miss the two-headed ogre.
The two-headed ogre is lightly wounded.
The two-headed ogre hits you with a giant club!!
Ouch! That really hurt!
The two-headed ogre misses you.
You are too injured to fight recklessly!
You are too injured to fight recklessly!
You tentacle-slap the two-headed ogre.
You squeeze the two-headed ogre, but do no damage.
The two-headed ogre is moderately wounded.
You bludgeon the two-headed ogre!
The two-headed ogre is heavily wounded.
The two-headed ogre hits you with a giant club!!
Ouch! That really hurt!
You die...

..### ##########......# ....####
##..........##.#.##
....##.###.........###..#..##
..###...##.........##.#.#.#.# ###
#...##.........##.#.#.#.## #
#...##.........#.##.#.##.#### #
#...##........##.##.#.##.##..
#####...###....O......+.+.+......
..#......###.###@###.##.#.##.##..
#...####.# #.......#.# .#. #.#...
#..#####.###.....####. #.#.####.
#..#.........###...# .# #.#. ###
#..#.###.##..###.### #..#..###.##
#.##.# #.........# ###.#.##...##
#.#..######.####.# ...#........
#...........####.####.#........##
............##........#...##..###


You could see a two-headed ogre.

Action                   |  1- 3 |  4- 6 || total
-------------------------+-------+-------++-------
Melee: Unarmed           |    42 |    65 ||   107
 Stab: Sleeping          |     2 |     1 ||     3
       Distracted        |     1 |       ||     1
  Eat: Chunk             |       |     5 ||     5

Notes
Turn   | Place    | Note
--------------------------------------------------------------
     0 | D:1      | Duffy the Octopode Transmuter began the quest for the Orb.
     0 | D:1      | Reached XP level 1. HP: 13/13 MP: 3/3
    59 | D:2      | Reached XP level 2. HP: 6/18 MP: 5/5
   323 | D:2      | Reached skill level 4 in Unarmed Combat
   666 | D:4      | Found a white marble altar of Elyvilon.
   761 | D:4      | Reached XP level 3. HP: 14/23 MP: 6/6
   935 | D:4      | Reached skill level 5 in Unarmed Combat
   935 | D:4      | Reached XP level 4. HP: 10/28 MP: 7/7
  1240 | D:4      | Reached XP level 5. HP: 12/33 MP: 8/8
  1561 | D:4      | Reached skill level 6 in Unarmed Combat
  1928 | D:4      | Reached XP level 6. HP: 16/38 MP: 9/9
  2110 | D:5      | Entered Level 5 of the Dungeon
  2110 | D:5      | Noticed Pikel
  2705 | D:4      | Noticed a two-headed ogre
  2710 | D:4      | Mangled by a two-headed ogre

Vault maps used:
D:1:      minmay_arrival_glassed_features
D:2:      vehumet_crystals, serial_undead, serial_undead_f, serial_undead_c,
          serial_undead_f, serial_undead_b, serial_undead_a
D:3:      nicolae_overflow_hidden_temple, ecumenical_altar_1, uniq_terence
D:4:      first_bread, interstate_on_off, elyvilon_altar_1
D:5:      lemuel_round_altar, minmay_temple_entry_mist, uniq_pikel

Vanquished Creatures
  2 slaves
  A scorpion
  2 hounds
  3 iguanas
  A worker ant
  A worker ant zombie
  2 adders
  2 adder skeletons
  5 orcs
  A giant cockroach
  A goblin
  2 hobgoblins
  A ball python
  A bat
  A giant gecko skeleton
  A kobold
27 creatures vanquished.
